 Dungeon Crawl Stone Soup version 0.28.0 (webtiles) character file.

Game seed: 18379984823436188811

39 HallandMoats the Skirmisher (level 3, -1/29 HPs)
             Began as a Demonspawn Fighter on Feb 13, 2022.
             Was a Follower of Sif Muna.
             Slain by Sigmund (9 damage)
             ... on level 2 of the Dungeon.
             The game lasted 00:01:05 (1277 turns).

HallandMoats the Skirmisher (Demonspawn Fighter)    Turns: 1277, Time: 00:01:06

Health: -1/29      AC:  7    Str: 18    XL:     3   Next: 28%
Magic:  4/4        EV:  9    Int:  9    God:    Sif Muna [*.....]
Gold:   46         SH:  4    Dex: 12    Spells: 2/2 levels left

rFire   . . .      SeeInvis .   a - +0 war axe
rCold   . . .      Faith    .   c - +0 buckler
rNeg    . . .      Spirit   .   b - +0 scale mail
rPois   .          Reflect  .   (helmet restricted)
rElec   .          Harm     .   (no cloak)
rCorr   .          Rampage  .   e - +0 pair of gloves
Will    .....                   (no boots)
Stlth   ..........              (no amulet)
HPRegen 0.09/turn               (no ring)
MPRegen 0.09/turn               (no ring)

@: no status effects
A: horns 2
a: Renounce Religion, Channel Magic


You were on level 2 of the Dungeon.
You worshipped Sif Muna.
Sif Muna was aware of your devotion.
You visited 1 branch of the dungeon, and saw 2 of its levels.

You collected 46 gold pieces.

Inventory:

Hand Weapons
 a - a +0 war axe (weapon)
Armour
 b - a +0 scale mail (worn)
 c - a +0 buckler (worn)
 e - a +0 pair of gloves (worn)
Potions
 d - a potion of might
 f - a potion of flight {unknown}
 g - 2 potions of ambrosia {unknown}
 h - 2 potions of curing {unknown}


   Skills:
 * Level 3.3 Fighting
 * Level 2.2 Axes
 + Level 2.8 Armour
 + Level 0.6 Dodging
 + Level 2.8 Shields
 * Level 1.8 Invocations


You had 2 spell levels left.
You didn't know any spells.
Your spell library contained the following spells:

 Spells                   Type           Power      Damage    Failure   Level
 Ignite Poison            Fire/Tmut/Pois 0%         N/A       99%         3
 Mephitic Cloud           Conj/Pois/Air  0%         N/A       99%         3
 Freezing Cloud           Conj/Ice/Air   0%         6-21      100%        5


Dungeon Overview and Level Annotations

Branches:
Dungeon (2/15)

Altars:
Sif Muna

Annotations:
D:2 Sigmund


Innate Abilities, Weirdness & Mutations

You have a pair of horns on your head.


Message History

Sigmund casts a spell at you. You resist with significant effort.
Sigmund is nearby!
You closely miss Sigmund. Sigmund hits you with a +0 scythe.
Sigmund is nearby!
You closely miss Sigmund. Sigmund hits you but does no damage.
You closely miss Sigmund. Sigmund hits you but does no damage.
You hit Sigmund.
Sigmund is lightly wounded.
You block Sigmund's attack.
You hit Sigmund.
Sigmund is moderately wounded.
Sigmund hits you but does no damage.
You barely miss Sigmund. You headbutt Sigmund.
Sigmund is heavily wounded.
Sigmund hits you with a +0 scythe!
You closely miss Sigmund.
Sigmund is heavily wounded.
You block Sigmund's attack.
You closely miss Sigmund.
Sigmund is heavily wounded.
Sigmund screams, "Only death can liberate you!"
Sigmund casts a spell at you. The puff of flame hits you!
You are too injured to fight recklessly!
You are too injured to fight recklessly!
You are too injured to fight recklessly!
You are too injured to fight recklessly!
You are too injured to fight recklessly!
You barely miss Sigmund.
Sigmund is heavily wounded.
Sigmund hits you with a +0 scythe.
* * * LOW HITPOINT WARNING * * *
You slash Sigmund! Your headbutt misses Sigmund.
Sigmund is severely wounded.
Sigmund barely misses you.
You barely miss Sigmund.
Sigmund is severely wounded.
Sigmund hits you with a +0 scythe!
You die...

......# ....#
#..<#.# #..# .##
........# # #..#
........# ...#
..#.#.### #...#
..#.#.# ...#
......# ...#
..#...# ##@..#
......# ###@..#
..#...# ###.....#
......###
##......##
.<......#
#.....###
........###...###
..<.....##...##
.....##.##...#
.##..##.##...#
......#.##..##


You could see Sigmund.

Vanquished Creatures
  An adder (D:2)
  A worm (D:2)
  4 ball pythons
  An endoplasm (D:1)
  3 giant cockroaches
  4 goblins (D:1)
  2 jackals (D:1)
  2 kobolds
  4 bats
  3 frilled lizards
25 creatures vanquished.

Notes
Turn   | Place    | Note
-------+----------+-------------------------------------------
     0 | D:1      | HallandMoats the Demonspawn Fighter began the quest for the
                  | Orb.
     0 | D:1      | Reached XP level 1. HP: 18/18 MP: 1/1
   265 | D:1      | Reached skill level 1 in Invocations
   265 | D:1      | Discovered your monstrous ancestry.
   265 | D:1      | Gained mutation: You have a pair of small horns on your
                  | head. [demonic ancestry]
   265 | D:1      | Reached XP level 2. HP: 19/24 MP: 2/2
   446 | D:1      | Found a faded altar of an unknown god.
   665 | D:1      | Prayed at the altar of an unknown god.
   665 | D:1      | Became a worshipper of Sif Muna the Loreminder
   665 | D:1      | Reached * piety under Sif Muna
   932 | D:2      | Gained mutation: You have a pair of horns on your head.
                  | [demonic ancestry]
   932 | D:2      | Reached XP level 3. HP: 27/29 MP: 4/4
  1263 | D:2      | Noticed Sigmund
  1277 | D:2      | Slain by Sigmund

Illustrated notes

Levels and vault maps discovered:
D:1:      lightli_arrival_flooded_house, layout_basic,
          nicolae_ecumenical_lake_church
D:2:      layout_basic, serial_curves, eino_curves_04, eino_curves_04,
          minmay_misc_feat_nine_boxes, uniq_sigmund

Skill      XL: |  1 |
---------------+----+-----
Axes           | 2 |  2.2
Invocations    | 1 |  1.8
Fighting       | |  3.3
Armour         | |  2.8
Dodging        | |  0.6
Shields        | |  2.8

Action                   || total
-------------------------++-------
Melee: War axe           ||    69
       Headbutt          ||     7
Armor: Scale mail        ||    35
Dodge: Dodged            ||    24
Block: Buckler           ||    12
